 Dungeon Crawl Stone Soup version 0.27.1-34-g3ba077fa99 (webtiles) character file.

Game seed: 15657652883486872668

12 Arum the Shield-Bearer (level 2, 24/24 HPs)
             Began as a Formicid Fighter on Jan 9, 2022.
             Was a Believer of Lugonu.
             Quit the game on level 1 of the Dungeon.
             The game lasted 00:01:43 (512 turns).

Arum the Shield-Bearer (Formicid Fighter)            Turns: 512, Time: 00:01:44

Health: 24/24      AC:  6    Str: 20    XL:     2   Next: 45%
Magic:  2/2        EV:  8    Int:  7    God:    Lugonu [**....]
Gold:   18         SH:  9    Dex: 10    Spells: 1/1 levels left

rFire    . . .     SeeInvis +   a - +0 quarterstaff
rCold    . . .     Faith    .   c - +0 kite shield
rNeg     . . .     Spirit   .   b - +0 scale mail
rPois    .         Reflect  .   (helmet unavailable)
rElec    .         Harm     .   (no cloak)
rCorr    .         Rampage  .   (no gloves)
Will     .....                  (no boots)
Stlth    ..........             (no amulet)
HPRegen  0.08/turn              (no ring)
MPRegen  0.08/turn              (no ring)

@: no status effects
A: permanent stasis, dig shafts and tunnels, antennae 3, four strong arms
a: Dig, Shaft Self, Renounce Religion, Depart the Abyss, Bend Space


You were on level 1 of the Dungeon.
You worshipped Lugonu.
Lugonu was pleased with you.
You visited 1 branch of the dungeon, and saw 1 of its levels.

You collected 18 gold pieces.

Inventory:

Hand Weapons
 a - a +0 quarterstaff (weapon)
Armour
 b - a +0 scale mail (worn)
 c - a +0 kite shield (worn)
Potions
 d - a potion of might
 e - a potion of curing {unknown}


   Skills:
 + Level 3.5 Fighting
 + Level 2.3 Staves
 - Level 3.2 Armour
 + Level 3.9 Shields


You had one spell level left.
You didn't know any spells.
Your spell library was empty.

Dungeon Overview and Level Annotations

Branches:
Dungeon (1/15)

Altars:
Lugonu


Innate Abilities, Weirdness & Mutations

You cannot be hasted, slowed, berserked, paralysed or teleported.
You can dig through walls and to a lower floor.
You have a pair of large antennae on your head. (SInv)
Your four strong arms can wield two-handed weapons with a shield.


Message History

The endoplasm freezes you.
You are frozen.
The endoplasm hits you but does no damage.
You hit the endoplasm but do no damage. The endoplasm freezes you.
You are frozen.
You sock the endoplasm!
You kill the endoplasm!
Lugonu accepts your kill.
No target in view!
You open the door.
There is an open door here.
Found a stone staircase leading down.
You sense a monster nearby.
There is a stone staircase leading down here.
You sense a monster nearby.
A giant cockroach and a hobgoblin come into view.
The hobgoblin shouts!
You hit the hobgoblin.
You kill the hobgoblin!
Lugonu accepts your kill.
The giant cockroach bites you but does no damage.
You barely miss the giant cockroach. You block the giant cockroach's attack.
You barely miss the giant cockroach.
The giant cockroach completely misses you.
You block the giant cockroach's attack.
You hit the giant cockroach but do no damage.
You block the giant cockroach's attack.
The giant cockroach bites you but does no damage.
You closely miss the giant cockroach. You block the giant cockroach's attack.
You barely miss the giant cockroach. The giant cockroach barely misses you.
The giant cockroach bites you but does no damage.
You sock the giant cockroach!
You kill the giant cockroach!
Lugonu accepts your kill.
No target in view!
No target in view!
No target in view!
No target in view!
Are you sure you want to abandon this character and quit the game? (Confirm with "yes".)

######.######...#.##
#......# #........
#.###### ##.......
#####>##### ##.#####
#.........# #.#
#.###...#.# #.#
###.# # ##'#####
#.#####.#.#
##...##..
#......@..#
##.....#.#
#######.†##
#........# #...#
#.........# ......
+.........+
......##.........#
##..##.###........#
#.## .# ##.....#.#
#.# # ##...##.. ##+#
###


There were no monsters in sight!

Vanquished Creatures
  An endoplasm (D:1)
  A giant cockroach (D:1)
  A goblin (D:1)
  A hobgoblin (D:1)
  A ball python (D:1)
  3 bats (D:1)
  A frilled lizard (D:1)
  3 rats (D:1)
  A spectral kobold (D:1)
13 creatures vanquished.

Notes
Turn   | Place    | Note
-------+----------+-------------------------------------------
     0 | D:1      | Arum the Formicid Fighter began the quest for the Orb.
     0 | D:1      | Reached XP level 1. HP: 18/18 MP: 1/1
   157 | D:1      | Found a faded altar of an unknown god.
   200 | D:1      | Became a worshipper of Lugonu the Unformed
   200 | D:1      | Reached * piety under Lugonu
   200 | D:1      | Reached ** piety under Lugonu
   266 | D:1      | Reached XP level 2. HP: 24/24 MP: 2/2
   512 | D:1      | Quit the game

Illustrated notes

Levels and vault maps discovered:
D:1:      wander_arrival_desolate, layout_loops_corners,
          dreamdust_ecumenical_altar_drowned_temple, minmay_unequal

Action                   || total
-------------------------++-------
Melee: Quarterstaff      ||    32
Armor: Scale mail        ||    12
Dodge: Dodged            ||    14
Block: Kite shield       ||    11
